 Dungeon Crawl Stone Soup version 0.30.0 (webtiles) character file.

Game seed: 9460053091555838920

67 Kuronicle the Trooper (level 4, -1/35 HPs)
             Began as a Demonspawn Berserker on May 6, 2023.
             Was a Believer of Trog.
             Slain by Sigmund
             ... wielding a +0 scythe
              (9 damage)
             ... on level 3 of the Dungeon.
             The game lasted 00:03:45 (2182 turns).

Kuronicle the Trooper (Demonspawn Berserker)        Turns: 2182, Time: 00:03:46

Health: -1/35      AC:  6    Str: 20    XL:     4   Next: 0%
Magic:  4/4        EV: 11    Int:  8    God:    Trog [**....]
Gold:   74         SH:  0    Dex: 14    Spells: 3/3 levels left

rFire   . . .        a - +0 hand axe
rCold   . . .        (no shield)
rNeg    . . .        i - +1 ring mail
rPois   .            (no helmet)
rElec   .            (no cloak)
rCorr   .            (no gloves)
SInv    .            (no boots)
Will    .....        (no amulet)
Stlth   +            (no ring)
HPRegen 0.25/turn    (no ring)
MPRegen 0.09/turn

%: no passive effects
@: confused, ambrosia-drunk
A: thin skeletal structure 1, foul stench 1
a: Renounce Religion, Berserk, Trog's Hand


You were on level 3 of the Dungeon.
You worshipped Trog.
Trog was pleased with you.
You visited 1 branch of the dungeon, and saw 3 of its levels.

You collected 74 gold pieces.

Inventory:

Hand Weapons
 a - a +0 hand axe (weapon)
Armour
 i - a +1 ring mail (worn)
Scrolls
 b - a scroll of fog {unknown}
 f - a scroll of summoning {unknown}
 g - a scroll of identify
 j - a scroll of noise {unknown}
Potions
 d - 2 potions of heal wounds {unknown}
 e - a potion of haste
 h - a potion of attraction {unknown}
 k - a potion of curing {unknown}


   Skills:
 - Level 3.0 Fighting
 - Level 3.0 Axes
 * Level 2.7 Armour
 * Level 2.8 Dodging
 - Level 0.6 Stealth


You had 3 spell levels left.
You didn't know any spells.
Your spell library was empty.

Dungeon Overview and Level Annotations

Branches:
Dungeon (3/15)

Altars:

Shops:
D:3 [

Annotations:
D:3 Natasha, Sigmund


Innate Abilities, Weirdness & Mutations

You have a somewhat thin skeletal structure. (Dex +2, Stealth+)
You may rarely emit foul miasma when damaged in melee.


Message History

Trog accepts your kill.
You see here a ball python corpse.
Natasha, Servant of Life and Death comes into view.
Natasha is nearby!
Sigmund the Dreaded comes into view.
He is wielding a +0 scythe.
Found a scroll of amnesia.
Found a stone staircase leading up.
You hear the brisk rusting of a drain nearby.
An endoplasm comes into view.
Found a stone staircase leading up.
The endoplasm quivers.
Natasha hisses angrily.
Sigmund shouts!
Natasha stares at you and mumbles some strange words.
The magic dart hits you!
You hear a shout!
You hear a shout! x2
A goblin comes into view. It is wielding a +0 dagger.
Sigmund hits you from afar with a +0 scythe! 2 goblins come into view.
You closely miss Sigmund. Sigmund completely misses you.
You closely miss Sigmund.
The goblin shouts! x2
You hit the endoplasm.
You hear a shout! x4
The endoplasm freezes you.
You are frozen.
Sigmund barely misses you.
You hit the endoplasm.
You kill the endoplasm!
Trog accepts your kill.
You closely miss Sigmund. Sigmund hits you with a +0 scythe!
* * * LOW HITPOINT WARNING * * *
You emit a cloud of foul miasma!
You have reached level 4!
You feel stronger.
There are monsters nearby!
You are confused.
You feel invigorated.
Sigmund is engulfed in dark miasma.
Sigmund is poisoned.
Sigmund seems to slow down.
Sigmund hits you from afar with a +0 scythe!
You die...

#<## ?.# #.# #### #.#
.... #J# #.g# #.###g.#
##### #.#.@g.# #...#
### #.#.# #...# #.#
#.#@#.# #...# #.#
##...#.# #...# ##.#
#...##.# #...####..#
##..###.# #.)........
#...# #.# #......#.#.
#...###.# #...##...#.
#....#..##########..##
###...†....#######..##
##.#.###....>.......


You could see Sigmund (poisoned, slow) and a goblin.

Vanquished Creatures
  An adder (D:3)
  3 dart slugs
  10 endoplasms
  2 giant cockroaches (D:1)
  6 goblins
  3 hobgoblins (D:1)
  2 jackals (D:1)
  4 kobolds
  2 quokkas
  3 ball pythons
  5 bats
  2 frilled lizards (D:2)
  4 rats
47 creatures vanquished.

Notes
Turn   | Place    | Note
-------+----------+-------------------------------------------
     0 | D:1      | Kuronicle the Demonspawn Berserker began the quest for the
                  | Orb.
     0 | D:1      | Reached XP level 1. HP: 18/18 MP: 1/1
   219 | D:1      | Gained mutation: You have a somewhat thin skeletal
                  | structure. (Dex +2, Stealth+) [demonic ancestry]
   219 | D:1      | Reached XP level 2. HP: 12/24 MP: 2/2
   946 | D:1      | Gained mutation: You may rarely emit foul miasma when
                  | damaged in melee. [demonic ancestry]
   946 | D:1      | Reached XP level 3. HP: 24/29 MP: 3/3
  1413 | D:2      | Reached ** piety under Trog
  1945 | D:3      | Found Tun Tap's Antique Armour Boutique.
  2156 | D:3      | Noticed Natasha
  2158 | D:3      | Noticed Sigmund
  2181 | D:3      | Reached XP level 4. HP: 3/35 MP: 4/4
  2182 | D:3      | Slain by Sigmund

Illustrated notes

Levels and vault maps discovered:
D:1:      minmay_arrival_checkered_box, layout_basic, st_stairs_7,
          minmay_misc_feat_x, hangedman_decor_lopped,
          amcnicky_mini_corridor_feature
D:2:      layout_basic
D:3:      layout_rooms, serial_shops, nicolae_shop_real_fake_doors,
          portal_sewer_entry_f, chequers_serial_rivers_small_b,
          grunt_ministairs_10, hangedman_decor_diamond_cutter, uniq_robin,
          uniq_natasha, uniq_sigmund

Skill      XL: |  1  2 |
---------------+-------+-----
Axes           | 3 |  3.0
Dodging        | 2 |  2.8
Armour         | 2 |  2.7
Fighting       | |  3.0
Stealth        | |  0.6

Action                     |  1- 3 |  4- 6 || total
---------------------------+-------+-------++-------
  Melee: Hand axe          |   119 |       ||   119
    Use: Scroll            |     4 |       ||     4
         Potion            |       |     1 ||     1
   Stab: Sleeping          |     3 |       ||     3
 Armour: Animal skin       |    10 |       ||    10
         Ring mail         |    33 |       ||    33
  Dodge: Dodged            |    82 |       ||    82
